 Dungeon Crawl Stone Soup version 0.28-a0-1199-gef9e1dbd39 (webtiles) character file.

Game seed: 8264213166093606038

702 shoop the Chopper (level 7, -2/55 HPs)
             Began as a Palentonga Abyssal Knight on Dec 20, 2021.
             Was a Believer of Lugonu.
             Splashed by a jelly's acid (10 damage)
             ... on level 4 of the Dungeon.
             The game lasted 00:12:53 (5589 turns).

shoop the Chopper (Palentonga Abyssal Knight)       Turns: 5589, Time: 00:12:55

Health: -2/55      AC:  8    Str: 19    XL:     7   Next: 38%
Magic:  10/10      EV:  9    Int: 10    God:    Lugonu [**....]
Gold:   26         SH:  0    Dex: 10    Spells: 6/6 levels left

rFire   + . .      SeeInvis +   k - +1 spear (freeze)
rCold   . . .      Faith    .   (no shield)
rNeg    . . .      Spirit   .   q - +2 leather armour {rF+}
rPois   +          Reflect  .   (no helmet)
rElec   .          Harm     .   u - +2 cloak
rCorr   .          Rampage  .   (no gloves)
Will    .....                   (no barding)
Stlth   +.........              w - amulet of magic regeneration
HPRegen 0.18/turn               p - ring of poison resistance
MPRegen 0.52/turn               (no ring)

@: corroded, curled up
A: large, rugged brown scales 3, see invisible, deformed body, roll 1, armoured
tail, reflexive curl
a: Rolling Charge, Renounce Religion, Depart the Abyss, Bend Space


You were on level 4 of the Dungeon.
You worshipped Lugonu.
Lugonu was pleased with you.
You visited 1 branch of the dungeon, and saw 4 of its levels.
You visited the Abyss 1 time.

You collected 143 gold pieces.
You spent 117 gold pieces at shops.

Inventory:

Hand Weapons
 a - a +1 hand axe
 k - a +1 spear of freezing (weapon)
 n - a +2 hand crossbow of flaming
Missiles
 l - 17 poisoned darts
 o - 17 bolts
Armour
 b - a +0 leather armour
 q - a +2 leather armour of fire resistance (worn)
 u - a +2 cloak (worn)
Jewellery
 p - a ring of poison resistance (left hand)
 w - an amulet of magic regeneration (around neck)
Wands
 r - a wand of charming (20)
 s - a wand of iceblast (12)
Scrolls
 e - 2 scrolls of vulnerability {unknown}
 g - 2 scrolls of identify {unknown}
 m - a scroll of torment {unknown}
 v - a scroll of enchant armour {unknown}
Potions
 c - a potion of heal wounds {unknown}
 d - a potion of might {unknown}
 f - a potion of flight {unknown}
 h - 2 potions of lignification {unknown}
 i - 3 potions of berserk rage
 j - 3 potions of curing
 t - a potion of haste {unknown}


   Skills:
 - Level 3.0 Fighting
 * Level 6.0 Axes
 - Level 1.0 Throwing
 - Level 1.5 Armour
 - Level 0.7 Dodging
 - Level 1.0 Stealth
 + Level 4.7 Invocations
 + Level 2.8 Evocations


You had 6 spell levels left.
You didn't know any spells.
Your spell library was empty.

Dungeon Overview and Level Annotations

Branches:
Dungeon (4/15)
 Temple: D:4-7

Altars:

Shops:
D:2 !:

Annotations:
D:3 Sigmund
D:4 Pikel


Innate Abilities, Weirdness & Mutations

You are completely covered in rugged brown scales. (AC +3, +7% HP)
You have supernaturally acute eyesight. (SInv)
Armour fits poorly on your strangely shaped body.
You can roll at nearby foes to attack.
You have a long armoured tail.
You curl defensively after being hit. (AC +7*)


Message History

The scorpion closely misses you.
You barely miss the scorpion.
The scorpion is almost dead.
The scorpion looks more healthy.
The scorpion stings you but does no damage.
You hit the scorpion. You freeze the scorpion.
You kill the scorpion!
Lugonu accepts your kill.
Your Axes skill increases to level 6!
No target in view!
You see here a scorpion corpse.
You see here 2 poisoned darts.
You reach to attack!
The helpless jelly fails to defend itself.
You hit the jelly. You freeze the jelly.
The jelly is heavily wounded.
You hit the jelly. You freeze the jelly.
Your hands burn!
The jelly is almost dead.
The jelly hits you. The acid corrodes you!
You are splashed with acid!
You hit the jelly but do no damage. The acid corrodes you!
Your hands burn!
The jelly is almost dead.
The jelly hits you but does no damage.
You hit the jelly but do no damage.
Your hands burn!
The jelly is almost dead.
The jelly jiggles.
The jelly hits you.
You are splashed with acid.
You are too injured to fight recklessly!
You are too injured to fight recklessly!
You are too injured to fight recklessly!
You hit the jelly but do no damage.
Your hands burn!
The jelly is almost dead.
The jelly hits you.
You are splashed with acid!
* * * LOW HITPOINT WARNING * * *
You hit the jelly but do no damage.
Your hands burn!
* * * LOW HITPOINT WARNING * * *
The jelly is almost dead.
The jelly hits you.
* * * LOW HITPOINT WARNING * * *
You are splashed with acid!
You die...

#.# ####..#(g ...
#......#######.....
#...##....#.............
#.#.......#..........#..
......#...#..........#..
......#...#..........##.
.....................##.
#...................##.
#..8.J@(.#..........#..
#.....##†...........#..
#..... ##...........#..
P ###.## #......####....
.. #. #...........###
Z$. # ......#..##..####
.... #######.)###..#
#..Z. ###### ##[.)######
#.....#....###[.#<.#


You could see a jelly.

Vanquished Creatures
  A phantom (D:3)
  A water moccasin zombie (D:4)
  A scorpion (D:4)
  A water moccasin skeleton (D:4)
  2 bullfrog skeletons (D:4)
  Crazy Yiuf (D:2)
  A gnoll shaman (D:3)
  A jelly (D:4)
  Ijyb (D:3)
  2 orc wizards (D:4)
  7 hound zombies (D:4)
  4 gnolls
  An adder (D:3)
  3 adder skeletons (D:4)
  2 adder zombies (D:4)
  2 dart slugs
  7 orcs
  7 bats
  7 endoplasms
  4 hobgoblins
  5 quokkas
  9 ball pythons
  2 frilled lizards (D:1)
  A goblin (D:3)
  6 kobolds
  7 rats
86 creatures vanquished.

Vanquished Creatures (others)
  9 withered plants (D:4)
9 creatures vanquished.

Grand Total: 95 creatures vanquished

Notes
Turn   | Place    | Note
-------+----------+-------------------------------------------
     0 | Abyss:1  | shoop the Palentonga Abyssal Knight began the quest for the
                  | Orb.
     0 | Abyss:1  | Reached XP level 1. HP: 19/19 MP: 2/2
    39 | Abyss:1  | Noticed a flayed ghost
    41 | D:1      | Escaped the Abyss
   409 | D:1      | Reached XP level 2. HP: 23/25 MP: 3/3
   530 | D:1      | Reached * piety under Lugonu
   802 | D:1      | Reached XP level 3. HP: 31/31 MP: 4/4
   971 | D:2      | Found a runed translucent door.
   972 | D:2      | Noticed Crazy Yiuf
  1001 | D:2      | Found Gacaezeo's Book Shoppe.
  1026 | D:2      | Found Wynavy's Distillery.
  1092 | D:2      | Reached skill level 3 in Axes
  1675 | D:2      | Bought a potion of curing for 39 gold pieces
  1675 | D:2      | Bought a potion of degeneration for 13 gold pieces
  1752 | D:3      | Reached skill level 1 in Stealth
  2212 | D:3      | Noticed Sigmund
  2676 | D:3      | Noticed Ijyb
  2706 | D:3      | Killed Ijyb
  2707 | D:3      | Reached XP level 4. HP: 20/37 MP: 6/6
  3159 | D:4      | Reached XP level 5. HP: 36/43 MP: 7/7
  3278 | D:4      | Reached skill level 4 in Axes
  3294 | D:4      | Reached skill level 1 in Throwing
  3306 | D:4      | Reached skill level 1 in Evocations
  3846 | D:4      | Reached XP level 6. HP: 23/50 MP: 8/8
  4026 | D:3      | Reached ** piety under Lugonu
  4157 | D:4      | Noticed Pikel
  4237 | D:2      | Bought a potion of berserk rage for 65 gold pieces
  4418 | D:3      | Reached skill level 5 in Axes
  4713 | D:2      | Killed Crazy Yiuf
  5061 | D:4      | Gained mutation: You curl defensively after being hit. (AC
                  | +7*) [Palentonga growth]
  5061 | D:4      | Reached XP level 7. HP: 40/55 MP: 10/10
  5581 | D:4      | Reached skill level 6 in Axes
  5589 | D:4      | Splashed by a jelly's acid

Illustrated notes

Levels and vault maps discovered:
D:1:      minmay_arrival_semitransparent, layout_loops_ring, serial_glass,
          glass_columns_c, glass_columns_a
D:2:      layout_basic, serial_shops, nicolae_shop_advertising_works
          [nicolae_subvault_shop_adworks], shop_statue, supply_closet_lemuel,
          uniq_crazy_yiuf_cottage
D:3:      layout_basic, minmay_misc_feat_doors, chequers_mini_garden, uniq_ijyb,
          uniq_sigmund
D:4:      layout_rooms, serial_undead, serial_undead_e, serial_undead_f,
          serial_undead_e, serial_undead_d, serial_undead_b, serial_undead_d,
          serial_undead_f, st_stairs_7, grunt_ministairs_11, uniq_pikel

Skill      XL: |  1  2  3  4  5  6  7 |
---------------+----------------------+-----
Axes           | 3 4 5 6 |  6.0
Stealth        | 1 |  1.0
Invocations    | 3 4 |  4.7
Throwing       | 1 |  1.0
Evocations     | 1 2 |  2.8
Fighting       | |  3.0
Armour         | |  1.5
Dodging        | |  0.7

Action                   |  1- 3 |  4- 6 |  7- 9 || total
-------------------------+-------+-------+-------++-------
Melee: Hand axe          |    77 |       |       ||    77
       Tailslap          |     4 |    18 |     6 ||    28
       Spear             |    46 |   187 |    65 ||   298
Throw: Dart              |     4 |    18 |    12 ||    34
Invok: Depart the Abyss  |     1 |       |       ||     1
 Abil: Rolling Charge    |     2 |       |       ||     2
 Stab: Sleeping          |     3 |       |     1 ||     4
Armor: Leather armour    |    40 |    74 |    17 ||   131
Dodge: Dodged            |    60 |    82 |    21 ||   163

Table legend: (Time is in decaauts)
 A = Elapsed time spent in this place.
 B = Non-inter-level travel time spent in this place.
 C = Inter-level travel time spent in this place.
 D = Time resting spent in this place.
 E = Time spent auto-exploring this place.
 F = Levels seen in this place.
 G = Mean time per level.
                   A        B        C        D        E       F      G
               +--------+--------+--------+--------+--------+-----+--------+
         Total |   5609 |   4915 |    694 |    935 |   2943 |   5 | 1121.8 |
       Dungeon |   5568 |   4874 |    694 |    935 |   2943 |   4 | 1392.0 |
         Abyss |     41 |     41 |      0 |      0 |      0 |   1 |   41.0 |
               +--------+--------+--------+--------+--------+-----+--------+

Top non-repeatable levels by time:
     D:3: 2295 daAuts
     D:2: 1421 daAuts
     D:4: 940 daAuts
     D:1: 911 daAuts
 Abyss:1: 41 daAuts
